 Dungeon Crawl Stone Soup version 0.30-a0-939-gc8157cb160 (webtiles) character file.

Game seed: 7880433573232827213

25781 DeathPants the Summoner (level 13, -1/72 HPs)
             Began as a Vine Stalker Summoner on Mar 25, 2023.
             Was an Initiate of Gozag.
             Slain by a black mamba (5 damage)
             ... on level 1 of the Lair of Beasts.
             The game lasted 00:57:52 (14889 turns).

DeathPants the Summoner (Vine Stalker Summoner)    Turns: 14889, Time: 00:57:53

Health: -1/72      AC:  9    Str: 11    XL:     13   Next: 21%
Magic:  0/23       EV: 22    Int: 15    God:    Gozag
Gold:   1444       SH:  0    Dex: 26    Spells: 12/24 levels left

rFire   . . .      SeeInvis .    a - +2 rapier (speed)
rCold   . . .      Faith    .    (no shield)
rNeg    . . .      Spirit   +    k - +2 robe of the Goldsmith {rCorr}
rPois   .          Reflect  .    F - +0 helmet
rElec   .          Rampage  .    h - +1 cloak
rCorr   +                        d - +1 pair of gloves
Will    +....                    (no boots)
Stlth   ++++                     b - amulet of magic regeneration
HPRegen 1.12/turn                w - +5 ring of evasion
MPRegen 0.58/turn                M - +6 ring of dexterity

@: marked, gold aura
A: fangs 3, regeneration 1, magic shield, antimagic bite, no potion heal 2
a: Renounce Religion, Potion Petition, Call Merchant, Bribe Branch


You were on level 1 of the Lair of Beasts.
You worshipped Gozag.
Gozag was most pleased with you.
You visited 3 branches of the dungeon, and saw 16 of its levels.

You collected 1655 gold pieces.
You paid 211 gold pieces to Gozag.

Inventory:

Hand Weapons
 a - a +2 rapier of speed (weapon)
Missiles
 s - 8 boomerangs
 y - a throwing net
 E - 4 silver boomerangs
Armour
 d - a +1 pair of gloves (worn)
 h - a +1 cloak (worn)
 k - the +2 robe of the Goldsmith (worn) {rCorr}
   (You found it on level 2 of the Dungeon)

   rCorr:     It protects you from acid and corrosion.
 F - a +0 helmet (worn)
 H - a +2 robe of fire resistance
Jewellery
 b - an amulet of magic regeneration (around neck)
 w - a +5 ring of evasion (left hand)
 M - a +6 ring of dexterity (right hand)
Wands
 r - a wand of paralysis (5)
 z - a wand of light (8)
 G - a wand of flame (35)
 N - a wand of polymorph (9)
 R - a wand of roots (5)
Scrolls
 m - a scroll of enchant armour
 q - 2 scrolls of vulnerability
 t - 3 scrolls of teleportation
 u - a scroll of blinking
 I - 3 scrolls of magic mapping
 J - a scroll of torment
 P - a scroll of amnesia
 Q - 2 scrolls of fear
Potions
 c - a potion of magic
 e - a potion of haste
 f - 3 potions of flight
 g - 2 potions of mutation
 i - 3 potions of curing
 j - a potion of cancellation {unknown}
 l - 2 potions of berserk rage {unknown}
 n - 4 potions of attraction
 o - 3 potions of resistance {unknown}
 p - 2 potions of heal wounds {unknown}
 v - 4 potions of lignification {unknown}
 x - 4 potions of brilliance {unknown}
 C - 2 potions of invisibility {unknown}
 D - 3 potions of might {unknown}
Miscellaneous
 L - a phantom mirror


   Skills:
 + Level 10.4 Fighting
 * Level 8.5 Short Blades
 + Level 5.7 Dodging
 + Level 6.0 Stealth
 - Level 6.0 Spellcasting
 - Level 5.0 Hexes
 - Level 11.3 Summonings
 - Level 7.0 Air Magic


You had 12 spell levels left.
You knew the following spells:

 Your Spells              Type           Power      Damage    Failure   Level
a - Call Imp              Summ           38%        N/A       1%          2
b - Call Canine Familiar  Summ           38%        N/A       1%          3
c - Summon Guardian Gole  Hex/Summ       29%        N/A       1%          3
d - Summon Lightning Spi  Summ/Air       32%        N/A       3%          4

Your spell library contained the following spells:

 Spells                   Type           Power      Damage    Failure   Level
 Summon Small Mammal      Summ           100%       N/A       1%          1
 Vhi's Electric Charge    Tloc/Air       30%        N/A       11%         3
 Magic Dart               Conj           16%        1d3       14%         1
 Necrotise                Necr           16%        1d4       14%         1
 Lesser Beckoning         Tloc           8%         N/A       22%         2
 Searing Ray              Conj           8%         2d4       22%         2
 Gell's Gravitas          Tloc           4%         N/A       41%         3
 Teleport Other           Tloc           4%         N/A       41%         3
 Vampiric Draining        Necr           4%         2d6       41%         3
 Fulminant Prism          Conj/Hex       6%         3d7       45%         4
 Arcjolt                  Conj/Air       7%         1d17      67%         5
 Agony                    Necr           4%         N/A       99%         5
 Maxwell's Capacitive Co  Air            12%        ∞         100%        8


Dungeon Overview and Level Annotations

Branches:
Dungeon (13/15)            Temple (1/1) D:7            Lair (2/5) D:11
    Orc (0/2) D:9
  Swamp: Lair:2-3    Shoals: Lair:2-3     Snake: Lair:2-3    Spider: Lair:2-3
 Vaults: D:13-14

Altars:
Ashenzari
Cheibriados
Dithmenos
Elyvilon
Fedhas
Gozag
Hepliaklqana
Kikubaaqudgha
Makhleb
Nemelex Xobeh
Okawaru
Qazlal
Ru
Sif Muna
Trog
Uskayaw
Vehumet
Wu Jian
Xom
Yredelemnul
Zin
The Shining One

Shops:
D:2 =   D:10 (

Annotations:
D:3 1 runed translucent door
D:5 3 runed translucent doors, deadpool521's ghost, novice MiFi
D:9 vault sentinels
D:13 Lodul


Innate Abilities, Weirdness & Mutations

You have razor-sharp teeth.
Your natural rate of healing is unusually fast.
When hurt, damage is shared between your health and your magic reserves.
Your bite disrupts and absorbs the magic of your enemies.
Potions cannot restore your health.


Message History

You feel very sick. The black mamba closely misses you.
The water moccasin completely misses you.
You hit the black mamba.
The black mamba is heavily wounded.
You feel sick. The black mamba bites you!
You are more poisoned.
The black mamba poisons you! The water moccasin barely misses you.
You puncture the black mamba!
The black mamba is severely wounded.
You feel very sick. The black mamba misses you.
You hit the black mamba but do no damage.
You bite the black mamba. You drain its power.
You feel invigorated.
The black mamba is almost dead.
You feel very sick. The black mamba bites you!
* * * LOW HITPOINT WARNING * * *
You are lethally poisoned!
The black mamba poisons you!
The water moccasin bites you but does no damage.
You miss the black mamba. Your bite misses the black mamba.
The black mamba is almost dead.
* * * LOW HITPOINT WARNING * * *
You feel very sick. The black mamba completely misses you.
The water moccasin bites you but does no damage.
Your system rejects the healing.
You feel better. The black mamba bites you!
* * * LOW HITPOINT WARNING * * *
You are poisoned.
The black mamba poisons you!
The water moccasin bites you but does no damage.
The black mamba bites you!
* * * LOW HITPOINT WARNING * * *
Your system rejects the healing.
You feel better. The black mamba barely misses you.
The water moccasin bites you but does no damage.
The black mamba bites you!
You die...
Your body crumbles into a pile of gold.

## ######## .# #......#
###### .#
#......##P..... .######
##...$.(........
.+...P###.......S.......
...#....##..=..S@##.....
.######..#......## ....
.# #..'......# ... ##
####......# .. ##
#......# . .### ##+#####
.#.## ....# $ ....#
#######+###


You could see a black mamba and a water moccasin.

Vanquished Creatures
  Snorg (D:12)
  Harold (Lair:1)
  2 two-headed ogres
  2 centaur warriors (D:12)
  A boulder beetle (D:12)
  2 skeletal warriors
  Pikel (D:5)
  4 elephants (Lair:1)
  A komodo dragon (Lair:1)
  An unseen horror (D:12)
  A rime drake (D:11)
  A polar bear (D:11)
  2 trolls
  3 slime creatures (D:11)
  2 wraiths
  3 shadows
  A wyvern (D:10)
  10 yaks
  A basilisk (Lair:1)
  An acid dragon (D:9)
  2 water moccasins (Lair:1)
  A sky beast (D:8)
  3 orc warriors
  A black bear (D:4)
  A wolf (D:11)
  8 centaurs
  A phantom (D:4)
  4 bullfrogs
  5 scorpions
  A human zombie (D:3)
  5 orc priests
  2 hounds (D:4)
  A jelly (D:4)
  A sleepcap (D:7)
  4 iguanas
  5 orc wizards
  A mummy (D:8)
  3 adders
  4 gnolls
  A shadow imp (D:5)
  A worm (D:2)
  2 dart slugs
  20 orcs
  6 bats
  3 endoplasms
  3 giant cockroaches (D:3)
  5 goblins
  5 hobgoblins
  6 jackals
  4 kobolds
  9 quokkas
  10 ball pythons
  4 frilled lizards
  3 rats (D:2)
176 creatures vanquished.

Vanquished Creatures (collateral kills)
  2 two-headed ogres (D:12)
  3 skeletal warriors (D:12)
  A manticore (D:11)
  A rime drake (Lair:1)
  A komodo dragon (D:11)
  A hornet (D:9)
  A slime creature (D:11)
  Sigmund (D:5)
  A shadow (D:10)
  4 yaks
  A wyvern (Lair:1)
  An acid dragon (D:12)
  A water moccasin (D:6)
  4 ice beasts
  5 ogres
  A centaur (D:9)
  A wolf (D:11)
  A lemure (D:5)
  A phantom (D:5)
  2 kobold brigands
  4 bullfrogs
  A scorpion (D:6)
  4 orc priests
  A jelly (D:6)
  A gnoll bouda (D:9)
  A sleepcap (D:6)
  8 orc wizards
  3 gnolls
  2 adders
  A white imp (D:7)
  18 orcs
  A ball python (D:2)
  A hobgoblin (D:4)
  A goblin (D:4)
  11 kobolds
  2 kobold zombies
  3 orc zombies (D:8)
97 creatures vanquished.

Vanquished Creatures (others)
  Gastronok (Lair:1)
  4 skeletal warriors (D:12)
  A manticore (D:11)
  5 yaks
  An ogre (D:12)
  3 fungi (Lair:1)
  5 plants
  6 toadstools (D:5)
26 creatures vanquished.

Grand Total: 299 creatures vanquished

Notes
Turn   | Place    | Note
-------+----------+-------------------------------------------
     0 | D:1      | DeathPants the Vine Stalker Summoner began the quest for
                  | the Orb.
     0 | D:1      | Reached XP level 1. HP: 9/9 MP: 4/4
   177 | D:2      | Found a basalt altar of Yredelemnul.
   426 | D:2      | Reached XP level 2. HP: 14/14 MP: 6/6
   429 | D:2      | Learned a level 2 spell: Call Imp
  1162 | D:2      | Reached skill level 1 in Fighting
  1292 | D:2      | Reached XP level 3. HP: 18/18 MP: 5/8
  1310 | D:2      | Identified the +2 robe of the Goldsmith {rCorr}
  1833 | D:2      | Found Zalelaes's Jewellery Shoppe.
  1864 | D:3      | Learned a level 3 spell: Call Canine Familiar
  1869 | D:3      | Gained mutation: Your natural rate of healing is unusually
                  | fast. [Vine Stalker growth]
  1869 | D:3      | Reached XP level 4. HP: 22/22 MP: 6/9
  1951 | D:3      | Found a glowing drain.
  2079 | D:3      | Found a runed translucent door.
  2079 | D:3      | Noticed a human
  2118 | D:3      | Found a basalt altar of Yredelemnul.
  2156 | D:3      | Found a shimmering blue altar of Sif Muna.
  2207 | D:3      | Reached XP level 5. HP: 26/26 MP: 11/11
  2404 | D:4      | Found a hazy altar of Hepliaklqana.
  2966 | D:5      | Entered Level 5 of the Dungeon
  3267 | D:4      | Found a hide-covered altar of Uskayaw.
  3345 | D:4      | Reached skill level 5 in Summonings
  3501 | D:4      | Noticed a black bear
  3511 | D:4      | Reached XP level 6. HP: 32/32 MP: 12/12
  3527 | D:4      | Killed a black bear
  4094 | D:4      | Reached XP level 7. HP: 35/36 MP: 11/15
  4128 | D:5      | Found a radiant altar of Vehumet.
  4213 | D:4      | Reached skill level 6 in Summonings
  4216 | D:4      | Reached skill level 5 in Spellcasting
  4396 | D:5      | Noticed Sigmund
  4402 | D:5      | Killed Sigmund
  4403 | D:5      | Reached skill level 1 in Short Blades
  4447 | D:5      | Gained mutation: You have razor-sharp teeth. [Vine Stalker
                  | growth]
  4447 | D:5      | Reached XP level 8. HP: 41/42 MP: 10/16
  4513 | D:5      | Found a glowing golden altar of the Shining One.
  4539 | D:5      | Noticed Pikel
  4571 | D:5      | Killed Pikel
  4675 | D:5      | Found a runed translucent gate.
  4675 | D:5      | Found a runed translucent gate.
  4675 | D:5      | Found a runed translucent gate.
  4937 | D:5      | Reached skill level 7 in Summonings
  4964 | D:5      | Reached skill level 5 in Fighting
  5250 | D:5      | Noticed deadpool521's ghost (novice MiFi)
  5303 | D:6      | Reached XP level 9. HP: 47/47 MP: 13/17
  5591 | D:6      | Found a sparkling altar of Nemelex Xobeh.
  5965 | D:6      | You fall into a shaft and drop 3 floors!
  6018 | D:9      | Found a staircase to the Orcish Mines.
  6103 | D:9      | Reached skill level 5 in Short Blades
  6485 | D:8      | Noticed a two-headed ogre
  6494 | D:8      | Killed a two-headed ogre
  6495 | D:8      | Reached skill level 8 in Summonings
  6495 | D:8      | Reached XP level 10. HP: 22/53 MP: 8/18
  6661 | D:8      | Learned a level 3 spell: Summon Guardian Golem
  6724 | D:8      | Reached skill level 1 in Hexes
  7150 | D:7      | Noticed a two-headed ogre
  7171 | D:7      | Killed a two-headed ogre
  7299 | D:6      | Found a snail-covered altar of Cheibriados.
  7419 | D:6      | Found a white marble altar of Elyvilon.
  7723 | D:7      | Found a staircase to the Ecumenical Temple.
  7734 | Temple   | Entered the Ecumenical Temple
  8131 | D:7      | Found a glowing silver altar of Zin.
  8136 | D:7      | Found a shimmering altar of Xom.
  8137 | D:7      | Found a blossoming altar of Fedhas.
  8716 | D:7      | Learned a level 4 spell: Summon Lightning Spire
  9172 | D:9      | Paralysed by a hornet for 3 turns
  9176 | D:9      | Reached skill level 9 in Summonings
  9176 | D:9      | Reached skill level 1 in Air Magic
  9330 | D:10     | Entered Level 10 of the Dungeon
  9490 | D:9      | Noticed a vault sentinel
  9490 | D:9      | Noticed a vault sentinel
  9616 | D:11     | Noticed a manticore
  9640 | D:11     | Killed a manticore
  9727 | D:10     | Found Diguryt's Weapon Boutique.
  9835 | D:10     | Reached XP level 11. HP: 49/58 MP: 13/19
  9947 | D:10     | Found an opulent altar of Gozag.
  9955 | D:10     | Became a worshipper of Gozag Ym Sagoz the Greedy
 10129 | D:11     | HP: 3/60 [polar bear (7)]
 10130 | D:11     | HP: 1/60 [polar bear (1)]
 10131 | D:11     | Found a staircase to the Lair.
 10183 | D:11     | Reached skill level 5 in Hexes
 10302 | D:12     | Noticed a skeletal warrior
 10302 | D:12     | Noticed a skeletal warrior
 10302 | D:12     | Noticed a skeletal warrior
 10377 | D:11     | Reached skill level 10 in Summonings
 10737 | D:11     | Noticed a manticore
 10747 | D:11     | Killed a manticore
 11804 | D:12     | Noticed a skeletal warrior
 11824 | D:12     | Noticed a skeletal warrior
 11830 | D:12     | Killed a skeletal warrior
 11831 | D:12     | Reached skill level 5 in Air Magic
 11844 | D:12     | Killed a skeletal warrior
 11857 | D:12     | Killed a skeletal warrior
 11864 | D:12     | Killed a skeletal warrior
 11916 | D:12     | Killed a skeletal warrior
 11917 | D:12     | Reached XP level 12. HP: 43/66 MP: 7/20
 12147 | D:11     | Reached skill level 11 in Summonings
 12425 | D:12     | Identified the +1 short sword of Conformity {freeze, Dex+2}
 12524 | D:12     | Noticed a centaur warrior
 12599 | D:13     | Noticed Lodul
 12804 | D:12     | Killed a centaur warrior
 12875 | D:12     | Noticed a centaur warrior
 12891 | D:12     | Killed a centaur warrior
 12967 | D:12     | Noticed a boulder beetle
 12973 | D:12     | Noticed a two-headed ogre
 13054 | D:12     | Killed a two-headed ogre
 13094 | D:12     | Killed a boulder beetle
 13284 | D:12     | Noticed a two-headed ogre
 13290 | D:12     | Killed a two-headed ogre
 13537 | D:12     | Noticed Snorg
 13551 | D:12     | Killed Snorg
 13607 | D:12     | Reached skill level 5 in Dodging
 14131 | Lair:1   | Entered Level 1 of the Lair of Beasts
 14183 | Lair:1   | Reached skill level 10 in Fighting
 14393 | Lair:1   | Reached skill level 5 in Stealth
 14401 | Lair:1   | Reached XP level 13. HP: 54/72 MP: 23/23
 14647 | Lair:1   | Noticed Gastronok
 14662 | Lair:1   | Killed Gastronok
 14848 | Lair:1   | Noticed Harold
 14873 | Lair:1   | Killed Harold
 14888 | Lair:1   | HP: 2/72 [black mamba (6)]
 14889 | Lair:1   | Slain by a black mamba

Illustrated notes

Levels and vault maps discovered:
D:1:      minmay_arrival_arboretum_large, layout_basic, glass_columns_c
D:2:      layout_rooms, basic_altar, serial_shops, nicolae_shop_window_shopping,
          dreamdust_princess_corridor
D:3:      layout_loops_ring, dk_yredelemnul_ordeal,
          nicolae_sif_muna_condensation, gup_sewer_entry_pipe,
          minmay_misc_feat_plants
D:4:      layout_loops_corners, nicolae_overflow_crystal_walls,
          nicolae_uskayaw_dance_hall
D:5:      layout_cave_pools, nicolae_vehumet_radiance, tso_metal_star,
          gammafunk_ghost_icy, minmay_gold_behind_fungi, uniq_pikel,
          uniq_sigmund
D:6:      layout_loops_corners, old_standard_altar,
          nicolae_elyvilon_temple_path, mainiacjoe_overflow_tiny_flanked,
          serial_bayou, serial_bayou_pond_e, serial_bayou_pond_d,
          serial_bayou_pond_b, serial_bayou_pond_b
D:7:      layout_loops_corners, chequers_temple_overflow_statue_of_worship,
          minmay_temple_entry_glass, minivault_19
D:8:      layout_basic, minmay_mini_ossuary
D:9:      layout_irregular_city, minmay_orc_entry_temple_small,
          hellmonk_guarded_unrand_gong
D:10:     layout_loops_ring, mainiacjoe_overflow_cross_hatched, serial_shops,
          shop
D:11:     layout_basic, hellmonk_lair_entry_icy
D:12:     layout_layer_cave, minmay_misc_feat_tower, grunt_tough_drop,
          uniq_snorg
D:13:     layout_cave_pools, grunt_vaults_entry_tiered, uniq_lodul
Temple:   nicolae_temple_bog_church
Lair:1:   layout_roguey, ebering_ghost_funeral_grove, lemuel_fruit_fields,
          uniq_gastronok, uniq_harold
Lair:2:   layout_regular_city, nicolae_swamp_entry_splash_gauntlet,
          portal_ice_cave_entry_pillars_1, grunt_megastairs_4,
          infiniplex_staircase_pool, serial_bayou_shore_a

Skill      XL: |  1  2  3  4  5  6  7  8  9 10 11 12 13 |
---------------+----------------------------------------+-----
Fighting       | 1 2 3 4 5 6 7 9 10 | 10.4
Spellcasting   | 3 4 5 6 |  6.0
Summonings     | 5 6 7 8 9 10 11 | 11.3
Short Blades   | 1 4 6 7 8 |  8.5
Dodging        | 2 3 4 5 |  5.7
Hexes          | 4 5 |  5.0
Air Magic      | 2 6 7 |  7.0
Stealth        | 5 6 |  6.0

Action                     |  1- 3 |  4- 6 |  7- 9 | 10-12 | 13-15 || total
---------------------------+-------+-------+-------+-------+-------++-------
  Melee: Whip              |    64 |    67 |       |       |       ||   131
         Bite              |     7 |    39 |    79 |   211 |    53 ||   389
         Dagger            |       |    97 |   195 |   216 |       ||   508
         Punch             |       |     1 |     5 |    11 |     4 ||    21
         Rapier            |       |       |       |   223 |    91 ||   314
  Throw: Dart              |       |       |       |     3 |       ||     3
   Cast: Summon Small Mamm |     5 |       |       |       |       ||     5
         Call Imp          |     5 |     8 |     6 |     7 |       ||    26
         Call Canine Famil |       |     5 |    17 |    55 |     2 ||    79
         Summon Guardian G |       |       |       |    22 |     3 ||    25
         Summon Lightning  |       |       |       |    23 |     2 ||    25
  Evoke: Wand              |       |       |     5 |     2 |     1 ||     8
    Use: Scroll            |       |     6 |     8 |    13 |       ||    27
         Potion            |       |       |       |     1 |     2 ||     3
   Stab: Sleeping          |     4 |     2 |     1 |     3 |       ||    10
         Paralysed         |       |       |     2 |       |     1 ||     3
         Distracted        |       |       |     1 |     7 |       ||     8
 Armour: Robe              |     8 |    46 |    43 |   137 |    28 ||   262
         Leather armour    |     4 |       |       |       |       ||     4
  Dodge: Dodged            |    47 |   109 |   125 |   299 |    63 ||   643

Table legend: (Time is in decaauts)
 A = Elapsed time spent in this place.
 B = Non-inter-level travel time spent in this place.
 C = Inter-level travel time spent in this place.
 D = Time resting spent in this place.
 E = Time spent auto-exploring this place.
 F = Levels seen in this place.
 G = Mean time per level.
                   A        B        C        D        E       F      G
               +--------+--------+--------+--------+--------+-----+--------+
         Total |  14727 |  14130 |    597 |    646 |   9886 |  16 |  920.4 |
       Dungeon |  13817 |  13245 |    572 |    646 |   9267 |  13 | 1062.8 |
        Temple |    227 |    203 |     24 |      0 |    195 |   1 |  227.0 |
          Lair |    681 |    681 |      0 |      0 |    424 |   2 |  340.5 |
               +--------+--------+--------+--------+--------+-----+--------+

Top non-repeatable levels by time:
    D:12: 2163 daAuts
    D:11: 1598 daAuts
     D:4: 1292 daAuts
     D:7: 1122 daAuts
     D:5: 1121 daAuts
     D:3: 1115 daAuts
     D:1: 1038 daAuts
     D:8: 939 daAuts
     D:6: 937 daAuts
     D:9: 881 daAuts
    D:10: 807 daAuts
     D:2: 791 daAuts
  Lair:1: 679 daAuts
  Temple: 227 daAuts
    D:13: 9 daAuts
